 Dungeon Crawl Stone Soup version 0.28-a0-677-g3278d6a771 (webtiles) character file.

Game seed: 17526802924298752734

147 MacCMillion the Chiller (level 5, 0/45 HPs)
             Began as a Troll Ice Elementalist on Oct 18, 2021.
             Was an Initiate of Yredelemnul.
             Slain by an ogre (18 damage)
             ... on level 3 of the Dungeon.
             The game lasted 00:08:40 (2235 turns).

MacCMillion the Chiller (Troll Ice Elementalist)    Turns: 2235, Time: 00:08:41

Health: 0/45       AC:  4    Str: 17    XL:     5   Next: 8%
Magic:  6/6        EV:  9    Int: 11    God:    Yredelemnul [......]
Gold:   123        SH:  0    Dex: 10    Spells: 0/7 levels left

rFire   . . .      SeeInvis .   t - +3 flail (drain)
rCold   . . .      Faith    .   (no shield)
rNeg    . . .      Spirit   .   a - +0 robe
rPois   .          Reflect  .   (helmet restricted)
rElec   .          Harm     .   (no cloak)
rCorr   .          Rampage  .   (gloves unavailable)
Will    .....                   (boots unavailable)
Stlth   +.........              (no amulet)
HPRegen 1.15/turn               (no ring)
MPRegen 0.10/turn               (no ring)

@: no status effects
A: large, unfitting armour, claws 3, regeneration 1, shaggy fur 1, tough skin 1
a: Renounce Religion


You were on level 3 of the Dungeon.
You worshipped Yredelemnul.
Yredelemnul was noncommittal.
You visited 1 branch of the dungeon, and saw 4 of its levels.
You also visited: Sewer.

You collected 123 gold pieces.

Inventory:

Hand Weapons
 i - a +2 vorpal flail
 t - a +3 flail of draining (weapon)
Missiles
 k - 28 poisoned darts
Armour
 a - a +0 robe (worn)
 u - a +0 kite shield
Scrolls
 e - 2 scrolls of summoning {unknown}
 f - 3 scrolls of identify {unknown}
 h - a scroll of fog {unknown}
 j - a scroll of amnesia {unknown}
 l - 2 scrolls of enchant weapon {unknown}
 m - 2 scrolls of fear {unknown}
 q - a scroll of enchant armour {unknown}
Potions
 b - a potion of attraction {unknown}
 c - a potion of lignification {unknown}
 d - a potion of degeneration {unknown}
 g - 2 potions of curing {unknown}
 n - a potion of berserk rage {unknown}
 o - a potion of invisibility {unknown}
 p - a potion of haste {unknown}
 r - a potion of mutation {unknown}
 s - a potion of heal wounds {unknown}


   Skills:
 - Level 1.6 Dodging
 - Level 1.0 Stealth
 - Level 2.8 Unarmed Combat
 + Level 1.6 Spellcasting
 + Level 4.0 Ice Magic


You couldn't memorise any spells.
You knew the following spells:

 Your Spells              Type           Power      Damage    Failure   Level
a - Freeze                Ice            36%        1d6       6%          1
b - Ozocubu's Armour      Ice            9%         N/A       19%         3
c - Frozen Ramparts       Ice            18%        1d3       19%         3

Your spell library contained the following spells:

 Spells                   Type           Power      Damage    Failure   Level
 Magic Dart               Conj           0%         1d3       30%         1
 Searing Ray              Conj           0%         2d4       43%         2
 Hailstorm                Conj/Ice       5%         3d4       80%         4
 Fulminant Prism          Conj/Hex       0%         3d6       97%         4


Dungeon Overview and Level Annotations

Branches:
Dungeon (4/15)              Sewer (visited)
 Temple: D:4-7

Altars:
Cheibriados
Yredelemnul
The Shining One

Shops:
D:1 (


Innate Abilities, Weirdness & Mutations

You are too large for most types of armour.
You have claws for hands.
Your natural rate of healing is unusually fast.
You are covered in fur. (AC +1)
You have tough skin. (AC +1)


Message History

You kill the bat!
Yredelemnul accepts your kill.
No target in view!
There is a stone staircase leading down here.
You climb downwards.
The orc priest shouts!
Found a stone staircase leading up.
There is a stone staircase leading up here.
Found 14 stones.
The ogre shouts! 2 jackals come into view.
A ball python comes into view.
The jackal barks!
The jackal bites you. The jackal barely misses you.
There is a stone staircase leading up, spattered with blood here.
You sock the jackal!
You kill the jackal!
Yredelemnul accepts your kill.
Your Ice Magic skill increases to level 4!
You closely miss the jackal.
The jackal bites you but does no damage.
The jackal bites you.
You barely miss the jackal. The jackal barely misses you.
The orc priest calls down the wrath of Beogh upon you.
Pain shoots through your body! The jackal bites you.
The jackal barely misses you.
The ogre hits you with a +0 giant club!!
You climb upwards.
There is a stone staircase leading down here.
The jackal bites you. x2
The jackal closely misses you.
The jackal bites you but does no damage.
The jackal barely misses you.
You closely miss the jackal. The jackal closely misses you.
The ogre hits you with a +0 giant club! The jackal closely misses you.
You closely miss the jackal.
The jackal bites you but does no damage.
The ogre hits you with a +0 giant club!!
You die...
Your body rises from the dead as a mindless zombie.

############
######(......>..#
#...[#..........#
#....#..........#
#....#........Oh#
##....#.........@#
#................#
.................#
.....<#..........#
......#..........##
#####.#...........##
#.######.......# #.#
#.......# .# #.#
####.......# .#


You could see an ogre and a jackal.

Vanquished Creatures
  Terence (D:2)
  2 adders
  3 river rats (Sewer)
  A worm (D:3)
  3 dart slugs (D:1)
  2 endoplasms
  2 giant cockroaches
  5 goblins
  5 hobgoblins
  A jackal (D:4)
  A kobold (D:1)
  4 quokkas
  11 ball pythons
  11 bats
  11 frilled lizards
  12 rats
75 creatures vanquished.

Vanquished Creatures (others)
  An endoplasm (D:3)
1 creature vanquished.

Grand Total: 76 creatures vanquished

Notes
Turn   | Place    | Note
-------+----------+-------------------------------------------
     0 | D:1      | MacCMillion the Troll Ice Elementalist began the quest for
                  | the Orb.
     0 | D:1      | Reached XP level 1. HP: 16/16 MP: 1/1
    83 | D:1      | Reached skill level 3 in Ice Magic
   150 | D:1      | Reached XP level 2. HP: 18/24 MP: 2/2
   245 | D:1      | Reached skill level 1 in Unarmed Combat
   509 | D:1      | Reached XP level 3. HP: 26/31 MP: 3/3
   513 | D:1      | Learned a level 3 spell: Ozocubu's Armour
   558 | D:1      | Found Dyic's Antique Weapon Emporium.
   843 | D:2      | Noticed Terence
   886 | D:2      | Killed Terence
  1045 | D:2      | Reached XP level 4. HP: 39/39 MP: 4/4
  1107 | D:2      | Found a faded altar of an unknown god.
  1485 | D:3      | Found a glowing drain.
  1515 | Sewer    | Entered a sewer
  1834 | D:3      | Reached XP level 5. HP: 45/45 MP: 6/6
  1843 | D:3      | Learned a level 3 spell: Frozen Ramparts
  1883 | D:3      | Found a glowing golden altar of the Shining One.
  1915 | D:3      | Found a snail-covered altar of Cheibriados.
  1990 | D:3      | Found a basalt altar of Yredelemnul.
  1992 | D:3      | Noticed a profane servitor
  1997 | D:3      | Became a worshipper of Yredelemnul the Dark
  2215 | D:4      | Noticed an ogre
  2224 | D:4      | Reached skill level 4 in Ice Magic
  2235 | D:3      | Slain by an ogre

Illustrated notes

Levels and vault maps discovered:
D:1:      minmay_arrival_widening_spiral_wide, layout_basic, serial_shops,
          nicolae_shop_behind_doors, grunt_decor_fettered
D:2:      layout_rooms, shapermc_ecumenical_altar_mp_urbaneastern, uniq_terence
D:3:      layout_rooms, mainiacjoe_overflow_24_doors,
          grunt_temple_overflow_holy_war, cheibrodos_sewer_entry_sluice
D:4:      layout_gridville, mainiacjoe_overflow_six_doors_small,
          lemuel_crystal_altar, minmay_vboxes, uniq_ijyb, uniq_pikel

Skill      XL: |  1  2  3  4  5 |
---------------+----------------+-----
Ice Magic      | 3 4 |  4.0
Unarmed Combat | 1 2 |  2.8
Dodging        | |  1.6
Stealth        | |  1.0
Spellcasting   | |  1.6

Action                   |  1- 3 |  4- 6 || total
-------------------------+-------+-------++-------
Melee: Unarmed           |   124 |   105 ||   229
       Flail             |       |    15 ||    15
  Use: Scroll            |       |     1 ||     1
 Stab: Sleeping          |     3 |     4 ||     7
Armor: Robe              |    73 |    38 ||   111
Dodge: Dodged            |    78 |    72 ||   150

Table legend: (Time is in decaauts)
 A = Elapsed time spent in this place.
 B = Non-inter-level travel time spent in this place.
 C = Inter-level travel time spent in this place.
 D = Time resting spent in this place.
 E = Time spent auto-exploring this place.
 F = Levels seen in this place.
 G = Mean time per level.
                   A        B        C        D        E       F      G
               +--------+--------+--------+--------+--------+-----+--------+
         Total |   2267 |   2254 |     13 |    100 |   1481 |   5 |  453.4 |
       Dungeon |   1940 |   1927 |     13 |    100 |   1301 |   4 |  485.0 |
         Sewer |    327 |    327 |      0 |      0 |    180 |   1 |  327.0 |
               +--------+--------+--------+--------+--------+-----+--------+

Top non-repeatable levels by time:
     D:1: 807 daAuts
     D:3: 583 daAuts
     D:2: 535 daAuts
   Sewer: 327 daAuts
     D:4: 13 daAuts
